 Dungeon Crawl Stone Soup version 0.27.1-33-g824d729ab1 (webtiles) character file.

Game seed: 17074174649306945316

18 zeram the Ducker (level 2, 0/19 HPs)
             Began as a Merfolk Enchanter on Nov 28, 2021.
             Slain by a jackal (2 damage)
             ... on level 1 of the Dungeon.
             The game lasted 00:02:18 (936 turns).

zeram the Ducker (Merfolk Enchanter)                 Turns: 936, Time: 00:02:19

Health: 0/19       AC:  3    Str:  6 (8)  XL:     2   Next: 70%
Magic:  2/5        EV: 13    Int: 13 (14) God:
Gold:   17         SH:  0    Dex: 13 (14) Spells: 2/5 levels left

rFire    . . .     SeeInvis .   a - +1 dagger
rCold    . . .     Faith    .   (no shield)
rNeg     . . .     Spirit   .   b - +0 robe
rPois    .         Reflect  .   d - +1 hat
rElec    .         Harm     .   (no cloak)
rCorr    .         Rampage  .   (no gloves)
Will     .....                  (no boots)
Stlth    +.........             (no amulet)
HPRegen  0.06/turn              (no ring)
MPRegen  0.09/turn              (no ring)

@: silenced
A: (nimble swimmer 2), mertail
a: no special abilities


You were on level 1 of the Dungeon.
You visited 1 branch of the dungeon, and saw 1 of its levels.

You collected 17 gold pieces.

Inventory:

Hand Weapons
 a - a +1 dagger (weapon)
Armour
 b - a +0 robe (worn)
 d - a +1 hat (worn)


   Skills:
 - Level 1.2 Short Blades
 + Level 4.0 Dodging
 - Level 3.4 Stealth
 - Level 2.0 Spellcasting
 - Level 3.0 Hexes
 + Level 0.2 Ice Magic


You had 2 spell levels left.
You knew the following spells:

 Your Spells              Type           Power      Damage    Failure   Level
a - Corona                Hex            10%        N/A       8%          1
b - Ensorcelled Hibernat  Hex/Ice        10%        N/A       21%         2

Your spell library contained the following spells:

 Spells                   Type           Power      Damage    Failure   Level
 Confusing Touch          Hex            9%         N/A       22%         3
 Tukima's Dance           Hex            9%         N/A       22%         3
 Dazzling Flash           Conj/Hex       10%        N/A       38%         3


Dungeon Overview and Level Annotations

Branches:
Dungeon (1/15)

Altars:


Innate Abilities, Weirdness & Mutations

((You are quick and stealthy near water. (Stealth+, EV+, Speed+++)))
Your lower body shifts to a powerful aquatic tail in water.


Message History

The jackal barely misses you.
You miss the jackal.
The jackal is heavily wounded.
The jackal bites you but does no damage.
The jackal bites you.
You barely miss the jackal.
The jackal is heavily wounded.
The jackal barely misses you.
You hit the jackal.
The jackal is severely wounded.
The jackal misses you.
You barely miss the jackal.
The jackal is severely wounded.
The jackal closely misses you.
You closely miss the jackal.
The jackal is severely wounded.
The jackal barely misses you. The jackal bites you.
You hit the jackal.
The jackal is almost dead.
The jackal bites you.
You barely miss the jackal.
The jackal is almost dead.
The jackal bites you.
* * * LOW HITPOINT WARNING * * *
You hit the jackal but do no damage.
The jackal is almost dead.
The jackal completely misses you. The jackal closely misses you.
You closely miss the jackal.
The jackal is almost dead.
The jackal bites you.
* * * LOW HITPOINT WARNING * * *
Unknown command.
You closely miss the jackal.
The jackal is almost dead.
The jackal bites you.
* * * LOW HITPOINT WARNING * * *
You hit the jackal but do no damage.
The jackal is almost dead.
The jackal closely misses you. The jackal bites you.
You die...

#.#_#..#...#.....###
#..#...#...#........
#......#...####'####
##############..#...#..†####.####
..............h.....'...†........
....................#...########.
.###############h####...# #h#
#...# #@# #...# .. ###.#
######### #. #.# #.#.######.....#
#. .. #..........#...# #.
#.###.#...######...# #.
..##†##########.>.####. #.#....#
............#. #.#..#.#
♣♣........<.#. ###..###.#
............#.


You could see 2 jackals.

Vanquished Creatures
  3 bats (D:1)
  2 endoplasms (D:1)
  A giant cockroach (D:1)
  2 jackals (D:1)
  4 kobolds (D:1)
  A ball python (D:1)
  4 frilled lizards (D:1)
  A rat (D:1)
18 creatures vanquished.

Vanquished Creatures (others)
  19 plants (D:1)
19 creatures vanquished.

Grand Total: 37 creatures vanquished

Notes
Turn   | Place    | Note
-------+----------+-------------------------------------------
     0 | D:1      | zeram the Merfolk Enchanter began the quest for the Orb.
     0 | D:1      | Reached XP level 1. HP: 13/13 MP: 3/3
    41 | D:1      | Reached skill level 3 in Dodging
   304 | D:1      | Reached XP level 2. HP: 13/19 MP: 5/5
   397 | D:1      | Learned a level 2 spell: Ensorcelled Hibernation
   873 | D:1      | Found a faded altar of an unknown god.
   908 | D:1      | Reached skill level 4 in Dodging
   936 | D:1      | Slain by a jackal

Illustrated notes

Levels and vault maps discovered:
D:1:      amcnicky_arrival_blooded_trapdoor, layout_basic,
          chequers_ecumenical_altar_simple, lexackson_kobold_supper

Skill      XL: |  1  2 |
---------------+-------+-----
Dodging        | 3 4 |  4.0
Short Blades   | |  1.2
Stealth        | |  3.4
Spellcasting   | |  2.0
Hexes          | |  3.0
Ice Magic      | |  0.2

Action                   || total
-------------------------++-------
Melee: Dagger            ||   100
 Cast: Corona            ||     9
       Ensorcelled Hiber ||     5
  Use: Scroll            ||     2
       Potion            ||     1
 Stab: Sleeping          ||     3
Armor: Robe              ||    25
Dodge: Dodged            ||    93
